 Dungeon Crawl Stone Soup version 0.21.1-1-g345015f (webtiles) character file.

104 tidbits the Charmwright (level 4, -1/38 HPs)
             Began as a Gnoll Skald on June 22, 2018.
             Slain by a mummy (16 damage)
             ... in an ossuary.
             The game lasted 00:05:29 (529 turns).

tidbits the Charmwright (Gnoll Skald)                Turns: 529, Time: 00:05:29

Health: -1/38      AC:  4    Str: 14    XL:     4   Next: 80%
Magic:  1/11       EV: 14    Int: 16    God:
Gold:   41         SH:  0    Dex: 14    Spells: 2/13 levels left

rFire    + . .     SeeInvis .   a - +0 hand axe
rCold    . . .     Gourm    .   (no shield)
rNeg     . . .     Faith    .   b - +0 leather armour
rPois    .         Spirit   .   E - +0 helmet
rElec    .         Reflect  .   (no cloak)
rCorr    .         Harm     .   (no gloves)
MR       .....                  (no boots)
Stlth    ++........             (no amulet)
HPRegen  0.00/turn              (no ring)
MPRegen  0.12/turn              (no ring)

@: singing, very slightly contaminated
A: distributed training, fangs 1, deterioration 1, fire resistance 1, inhibited
regeneration, strong nose
a: no special abilities


You were in an ossuary.
You were not hungry.

You visited 1 branch of the dungeon, and saw 4 of its levels.
You also visited: Ossuary.

You collected 41 gold pieces.

Inventory:

Hand Weapons
 a - a +0 hand axe (weapon)
 h - a +0 dagger of freezing
   (You took it off an orc on level 3 of the Dungeon)
 j - a +0 trident
Missiles
 k - 9 arrows
Armour
 b - a +0 leather armour (worn)
 E - a +0 helmet (worn)
Jewellery
 f - an uncursed ring of fire
   (You found it on level 1 of the Dungeon)
Scrolls
 e - 2 scrolls of teleportation
 g - a scroll of identify {unknown}
 l - a scroll of fear {unknown}
Books
 c - a book of Battle

   Spells                             Type                      Level
   a - Infusion                       Charms                       1
   b - Shroud of Golubria             Charms/Translocation         2
   c - Song of Slaying                Charms                       2
   d - Spectral Weapon                Hexes/Charms                 3
   e - Regeneration                   Charms/Necromancy            3
Comestibles
 d - 2 rations


   Skills:
 + Level 4.7 Fighting
 + Level 1.2 Short Blades
 + Level 1.2 Long Blades
 + Level 4.7 Axes
 + Level 1.2 Maces & Flails
 + Level 1.2 Polearms
 + Level 1.2 Staves
 + Level 1.2 Slings
 + Level 1.2 Bows
 + Level 1.2 Crossbows
 + Level 1.2 Throwing
 + Level 2.8 Armour
 + Level 4.7 Dodging
 + Level 1.2 Stealth
 + Level 1.2 Shields
 + Level 1.2 Unarmed Combat
 + Level 5.1 Spellcasting
 + Level 1.0 Conjurations
 + Level 1.0 Hexes
 + Level 5.5 Charms
 + Level 1.0 Summonings
 + Level 1.0 Necromancy
 + Level 1.0 Translocations
 + Level 1.0 Transmutations
 + Level 1.0 Fire Magic
 + Level 1.0 Ice Magic
 + Level 1.0 Air Magic
 + Level 1.0 Earth Magic
 + Level 1.0 Poison Magic
 + Level 1.3 Invocations
 + Level 1.2 Evocations


You had 2 spell levels left.
You knew the following spells:

 Your Spells              Type           Power        Failure   Level  Hunger
g - Shroud of Golubria    Chrm/Tloc      ##........   8%          2    #......
i - Infusion              Chrm           ###.         1%          1    None
r - Regeneration          Chrm/Necr      ##........   14%         3    ###....
w - Spectral Weapon       Hex/Chrm       ##......     14%         3    ###....
y - Song of Slaying       Chrm           ###.....     3%          2    #......


Dungeon Overview and Level Annotations

Branches:
Dungeon (4/15)
 Temple: D:4-7

Altars:
Fedhas


Innate Abilities, Weirdness & Mutations

Your experience applies equally to all skills.
You have very sharp teeth.
Your uncanny sense of smell can sniff out nearby items.
Your body sometimes deteriorates upon taking damage.
Your flesh is heat resistant. (rF+)
You do not regenerate when monsters are visible.


Message History

You bite the gnoll zombie.
The gnoll zombie is lightly damaged.
Your spectral weapon hits the gnoll zombie.
The gnoll zombie hits you.
You barely miss the gnoll zombie.
The gnoll zombie is moderately damaged.
Your spectral weapon barely misses the gnoll zombie.
The gnoll zombie hits you.
You swap places.
A hobgoblin zombie comes into view.
The gnoll zombie hits you.
You hit the gnoll zombie.
The gnoll zombie is severely damaged.
You hit the mummy.
Your spectral weapon hits the gnoll zombie.
The mummy misses you.
The gnoll zombie completely misses your spectral weapon.
You hit the gnoll zombie.
You destroy the gnoll zombie!
You barely miss the mummy. The mummy hits you!
* * * LOW HITPOINT WARNING * * *
You slash the kobold zombie!
You destroy the kobold zombie!
You hit the mummy but do no damage. You hit the mummy.
The mummy is heavily damaged.
Your spectral weapon hits the mummy.
Your spectral weapon hits the hobgoblin zombie.
The hobgoblin zombie barely misses your spectral weapon.
The mummy misses you.
You hit the mummy.
The mummy is severely damaged.
Your spectral weapon hits the mummy but does no damage.
Your spectral weapon hits the hobgoblin zombie.
You destroy the hobgoblin zombie!
You hit the mummy.
The mummy is almost destroyed.
Your spectral weapon hits the mummy!
You destroy the mummy!
Your Conjurations skill increases to level 1!
Your Hexes skill increases to level 1!
Your Summonings skill increases to level 1!
Your Necromancy skill increases to level 1!
Your Translocations skill increases to level 1!
Your Transmutations skill increases to level 1!
Your Fire Magic skill increases to level 1!
Your Ice Magic skill increases to level 1!
Your Air Magic skill increases to level 1!
Your Earth Magic skill increases to level 1!
Your Poison Magic skill increases to level 1!
Casting: Spectral Weapon
Confirm with . or Enter, or press ? or * to list all spells.
Your skin crawls.
Unknown command.
You swap places.
There is an open door here.
You open the door.
A centaur zombie comes into view.
Which direction?
Something is blocking the doorway!
Unknown command.
Which direction?
As you close the door, it creaks loudly!
You swap places.
There is an open door here.
Your skin is crawling a little less now.
You open the door.
A hobgoblin zombie comes into view.
You slash the hobgoblin zombie!
You destroy the hobgoblin zombie!
Your skin stops crawling.
Your song is almost over.
A mummy comes into view.
As you open the door, it creaks loudly!
Your song has ended.
A goblin zombie comes into view.
Casting: Regeneration
Confirm with . or Enter, or press ? or * to list all spells.
You start singing a song of slaying.
The goblin zombie hits you.
An adder zombie comes into view.
You slash the goblin zombie!
You destroy the goblin zombie!
Your spectral weapon fades away.
Casting: Song of Slaying
Confirm with . or Enter, or press ? or * to list all spells.
You miscast Spectral Weapon.
You are very lightly contaminated with residual magic.
Strange energies run through your body.
It was a potion of mutation.
You feel extremely strange.
You feel yourself wasting away.
Your regeneration stops near monsters.
You feel resistant to heat.
The adder zombie bites you but does no damage.
The adder zombie closely misses you.
Unknown command.
You hit the mummy but do no damage. You closely miss the adder zombie.
The mummy hits you!
* * * LOW HITPOINT WARNING * * *
The adder zombie completely misses you.
You closely miss the mummy. You barely miss the adder zombie.
The adder zombie closely misses you. The mummy hits you!
You die...

#.#..# #.'..#
###..# #..#
#+ #..# #.
#..#
##+###'###..#
.......Z....#
.......M@..∩#
#############


You could see a mummy and an adder zombie.

Vanquished Creatures
  A centaur zombie (Ossuary)
  A mummy (Ossuary)
  An adder (D:3)
  2 adder zombies (Ossuary)
  2 dart slugs (D:2)
  3 orcs (D:3)
  2 ball pythons (D:1)
  A giant cockroach (D:3)
  3 goblins (D:3)
  2 hobgoblins
  7 jackals
  A quokka (D:2)
  2 bats (D:3)
  A gnoll zombie (Ossuary)
  A goblin zombie (Ossuary)
  4 hobgoblin zombies (Ossuary)
  A kobold (D:2)
  2 kobold zombies (Ossuary)
  2 quokka zombies (Ossuary)
  3 rats
  A rat zombie (Ossuary)
43 creatures vanquished.

Notes
Turn   | Place    | Note
-------+----------+-------------------------------------------
     0 | D:1      | tidbits the Gnoll Skald began the quest for the Orb.
     0 | D:1      | Reached XP level 1. HP: 20/20 MP: 6/6
    75 | D:1      | Reached XP level 2. HP: 22/26 MP: 0/7
    82 | D:1      | Learned a level 2 spell: Song of Slaying
    85 | D:1      | Learned a level 2 spell: Shroud of Golubria
   202 | D:3      | Found a blossoming altar of Fedhas.
   227 | D:2      | Reached XP level 3. HP: 17/31 MP: 3/9
   232 | D:2      | Learned a level 3 spell: Regeneration
   236 | D:2      | Learned a level 3 spell: Spectral Weapon
   246 | D:2      | Reached skill level 5 in Spellcasting
   291 | D:3      | Reached skill level 1 in Invocations
   373 | D:4      | Found a sand-covered staircase.
   390 | Ossuary  | Entered an ossuary
   432 | Ossuary  | Reached skill level 1 in Short Blades
   432 | Ossuary  | Reached skill level 1 in Long Blades
   432 | Ossuary  | Reached skill level 1 in Maces & Flails
   432 | Ossuary  | Reached skill level 1 in Polearms
   432 | Ossuary  | Reached skill level 1 in Staves
   432 | Ossuary  | Reached skill level 1 in Slings
   432 | Ossuary  | Reached skill level 1 in Bows
   432 | Ossuary  | Reached skill level 1 in Crossbows
   432 | Ossuary  | Reached skill level 1 in Throwing
   432 | Ossuary  | Reached skill level 1 in Stealth
   432 | Ossuary  | Reached skill level 1 in Shields
   432 | Ossuary  | Reached skill level 1 in Unarmed Combat
   432 | Ossuary  | Reached skill level 1 in Evocations
   432 | Ossuary  | Reached XP level 4. HP: 30/38 MP: 7/11
   501 | Ossuary  | Reached skill level 1 in Conjurations
   501 | Ossuary  | Reached skill level 1 in Hexes
   501 | Ossuary  | Reached skill level 1 in Summonings
   501 | Ossuary  | Reached skill level 1 in Necromancy
   501 | Ossuary  | Reached skill level 1 in Translocations
   501 | Ossuary  | Reached skill level 1 in Transmutations
   501 | Ossuary  | Reached skill level 1 in Fire Magic
   501 | Ossuary  | Reached skill level 1 in Ice Magic
   501 | Ossuary  | Reached skill level 1 in Air Magic
   501 | Ossuary  | Reached skill level 1 in Earth Magic
   501 | Ossuary  | Reached skill level 1 in Poison Magic
   527 | Ossuary  | Gained mutation: Your body sometimes deteriorates upon taking damage. [potion of mutation]
   527 | Ossuary  | Gained mutation: You do not regenerate when monsters are visible. [potion of mutation]
   527 | Ossuary  | Gained mutation: Your flesh is heat resistant. (rF+) [potion of mutation]
   529 | Ossuary  | Slain by a mummy

Skill      XL: |  1  2  3  4 |
---------------+-------------+-----
Spellcasting   | 5 |  5.1
Invocations    | 1 |  1.3
Short Blades   | 1 |  1.2
Long Blades    | 1 |  1.2
Maces & Flails | 1 |  1.2
Polearms       | 1 |  1.2
Staves         | 1 |  1.2
Slings         | 1 |  1.2
Bows           | 1 |  1.2
Crossbows      | 1 |  1.2
Throwing       | 1 |  1.2
Stealth        | 1 |  1.2
Shields        | 1 |  1.2
Unarmed Combat | 1 |  1.2
Evocations     | 1 |  1.2
Conjurations   | 1 |  1.0
Hexes          | 1 |  1.0
Summonings     | 1 |  1.0
Necromancy     | 1 |  1.0
Translocations | 1 |  1.0
Transmutations | 1 |  1.0
Fire Magic     | 1 |  1.0
Ice Magic      | 1 |  1.0
Air Magic      | 1 |  1.0
Earth Magic    | 1 |  1.0
Poison Magic   | 1 |  1.0
Fighting       | |  4.7
Axes           | |  4.7
Armour         | |  2.8
Dodging        | |  4.7
Charms         | |  5.5

Action                   |  1- 3 |  4- 6 || total
-------------------------+-------+-------++-------
Melee: Hand axe          |    59 |    25 ||    84
       Bite              |     3 |     2 ||     5
       Dagger            |     3 |       ||     3
 Cast: Infusion          |     5 |       ||     5
       Song of Slaying   |     4 |     3 ||     7
       Spectral Weapon   |     2 |     2 ||     4
       Regeneration      |       |     1 ||     1
  Use: Scroll            |     1 |       ||     1
       Potion            |       |     1 ||     1
Armor: Leather armour    |    11 |     2 ||    13
Dodge: Dodged            |    52 |    10 ||    62

Table legend:
 A = Turns spent in this place as a percentage of turns spent in the entire game.
 B = Non-inter-level travel turns spent in this place as a percentage of non-inter-level travel turns spent in the entire game.
 C = Inter-level travel turns spent in this place as a percentage of turns spent in this place.
 D = Turns resting spent in this place as a percentage of non-inter-level travel turns spent in this place.
 E = Turns spent auto-exploring this place as a percentage of non-inter-level travel turns spent in this place.
 F = Non-inter-level travel turns spent in this place divided by the number of levels of this place that you've seen.
                   A       B       C       D       E      F
               +-------+-------+-------+-------+-------+----------------------
         Total | 100.0 | 100.0 |   0.0 |   0.0 |   0.0 | 105.8
       Dungeon |  73.7 |  73.7 |   0.0 |   0.0 |   0.0 |  97.5
       Ossuary |  26.3 |  26.3 |   0.0 |   0.0 |   0.0 | 139.0
               +-------+-------+-------+-------+-------+----------------------

Table legend:
 A = Kills in this place as a percentage of kills in entire the game.
 B = Kills by you in this place as a percentage of kills by you in the entire game.
 C = Kills by friends in this place as a percentage of kills by friends in the entire game.
 D = Other kills in this place as a percentage of other kills in the entire game.
 E = Experience gained in this place as a percentage of experience gained in the entire game.
 F = Experience gained in this place divided by the number of levels of this place that you have seen.
                   A       B       C       D       E      F
               +-------+-------+-------+-------+-------+----------------------
         Total | 100.0 | 100.0 |   N/A |   N/A | 100.0 |  29.8
       Dungeon |  65.1 |  65.1 |   N/A |   N/A |  45.0 |  16.8
       Ossuary |  34.9 |  34.9 |   N/A |   N/A |  55.0 |  82.0
               +-------+-------+-------+-------+-------+----------------------

Vault maps used:
D:1:      minmay_arrival_shoal_huts
D:2:      zin_scriptorium, chequers_ecumenical_altar_simple_redux, uniq_robin,
          uniq_jessica
D:3:      fedhas_altar_1
D:4:      overflow_temple_1_default, nicolae_ossuary_entry_monument,
          first_ration, serial_shops, nicolae_shop_waterfront, shop
Ossuary:  ossuary_boxes_badplayer
